 Dungeon Crawl Stone Soup version 0.32-a0-42-ga30500b4d3 (webtiles) character file.

Game seed: 6146368692387519850

274 Dittersdorf the Covered (level 6, 0/39 HPs)
             Began as a Gargoyle Fighter on Jan 29, 2024.
             Slain by a water moccasin (5 damage)
             ... on level 5 of the Dungeon.
             The game lasted 00:03:20 (3080 turns).

Dittersdorf the Covered (Gargoyle Fighter)          Turns: 3080, Time: 00:03:21

Health: 0/39       AC: 11    Str: 21    XL:     6   Next: 24%
Magic:  6/6        EV:  9    Int:  9    God:
Gold:   132        SH:  4    Dex:  9    Spells: 5/5 levels left

rFire   . . .        a - +0 flail
rCold   . . .        c - +0 buckler
rNeg    + . .        b - +0 scale mail
rPois   ∞            (no helmet)
rElec   +            (no cloak)
rCorr   .            (no gloves)
SInv    .            (no boots)
Will    .....        (no amulet) Stlth
                     (no ring)
HPRegen 0.26/turn    (no ring)
MPRegen 0.10/turn

%: no passive effects
@: no status effects
A: sickness immunity, AC +4, negative energy resistance 1, electricity
resistance, torment resistance 1, petrification resistance
a: no special abilities


You were on level 5 of the Dungeon.
You visited 1 branch of the dungeon, and saw 5 of its levels.

You collected 132 gold pieces.

Inventory:

Hand Weapons
 a - a +0 flail (weapon)
Armour
 b - a +0 scale mail (worn)
 c - a +0 buckler (worn)
Wands
 o - a wand of digging (5)
Scrolls
 k - 2 scrolls of identify {unknown}
 l - a scroll of teleportation {unknown}
 p - a scroll of noise {unknown}
 r - a scroll of immolation {unknown}
Potions
 d - a potion of might
 e - a potion of heal wounds {unknown}
 f - 3 potions of mutation {unknown}
 g - a potion of haste {unknown}
 h - 2 potions of ambrosia {unknown}
 i - a potion of berserk rage {unknown}
 j - a potion of cancellation {unknown}
 m - a potion of brilliance {unknown}
 n - a potion of degeneration {unknown}
 q - a potion of invisibility {unknown}
 s - a potion of attraction {unknown}


   Skills:
 + Level 4.6 Fighting
 + Level 3.5 Maces & Flails
 + Level 4.7 Armour
 + Level 4.7 Shields


You had 5 spell levels left.
You didn't know any spells.
Your spell library contained the following spells:

 Spells                   Type           Power      Damage    Failure   Level
 Ignite Poison            Fire/Alch      0%         N/A       100%        4
 Freezing Cloud           Conj/Ice/Air   0%         6-21      100%        5
 Cigotuvi's Dreadful Rot  Necr/Alch/Air  Unusable   N/A       N/A         2

Dungeon Overview and Level Annotations

Branches:
Dungeon (5/15)
 Temple: D:4-7

Altars:
Makhleb
Uskayaw

Shops:
D:3 *

Annotations:
D:1 1 transporter


Innate Abilities, Weirdness & Mutations

You are immune to sickness and miasma.
Your stone body is resilient. (AC +4)
You are immune to poison.
You resist negative energy. (rN+)
You are resistant to electric shocks. (rElec)
You are resistant to unholy torment.
You are immune to petrification.


Message History

The water moccasin bites you but does no damage.
You block the orc's attack. The water moccasin bites you!
You closely miss the water moccasin. The orc barely misses you.
The water moccasin bites you but does no damage.
The orc barely misses you. The water moccasin bites you.
You closely miss the water moccasin. The water moccasin bites you!
The orc closely misses you.
You are too injured to fight recklessly!
You are too injured to fight recklessly!
You are too injured to fight recklessly!
You are too injured to fight recklessly!
You are too injured to fight recklessly!
You are too injured to fight recklessly!
You are too injured to fight recklessly!
You are too injured to fight recklessly!
You are too injured to fight recklessly!
You are too injured to fight recklessly!
You are too injured to fight recklessly!
You are too injured to fight recklessly!
You are too injured to fight recklessly!
You are too injured to fight recklessly!
You are too injured to fight recklessly!
You are too injured to fight recklessly!
You are too injured to fight recklessly!
You are too injured to fight recklessly!
The orc attacks as it pursues you! The orc barely misses you.
The water moccasin bites you.
There is a stone staircase leading up here.
You can't go down here!
You block the orc's attack.
The water moccasin attacks as it pursues you!
The water moccasin bites you but does no damage.
You barely miss the water moccasin.
The water moccasin bites you but does no damage.
The water moccasin bites you!
* * * LOW HITPOINT WARNING * * *
You miss the water moccasin. The water moccasin barely misses you.
The orc suddenly curses.
The water moccasin bites you.
You die...

.. #..
...#### ...
....... #.#
....... #..#
.......##..#
##...#
#o.### #S##
#@# #.# #.#
#.# ..# ###


You could see a water moccasin and an orc.

Vanquished Creatures
  A phantom (D:4)
  A hound (D:4)
  10 adders
  A ribbon worm (D:3)
  3 dart slugs
  2 endoplasms
  10 giant cockroaches
  9 goblins
  6 hobgoblins
  2 quokkas
  11 ball pythons
  4 frilled lizards
  10 kobolds
  5 rats
75 creatures vanquished.

Notes
Turn   | Place    | Note
-------+----------+-------------------------------------------
     0 | D:1      | Dittersdorf the Gargoyle Fighter began the quest for the
                  | Orb.
     0 | D:1      | Reached XP level 1. HP: 14/14 MP: 1/1
   103 | D:1      | Reached XP level 2. HP: 19/19 MP: 2/2
   504 | D:1      | Reached XP level 3. HP: 23/23 MP: 3/3
   755 | D:2      | Found a hide-covered altar of Uskayaw.
   811 | D:2      | Reached XP level 4. HP: 20/29 MP: 4/4
  1032 | D:2      | You fall into a shaft and drop 2 floors!
  1218 | D:4      | Found a burning altar of Makhleb.
  1266 | D:4      | Noticed a phantom
  1286 | D:4      | Killed a phantom
  1287 | D:4      | Reached XP level 5. HP: 21/34 MP: 5/5
  1577 | D:2      | Reached XP level 6. HP: 16/39 MP: 6/6
  2026 | D:3      | Found Lirghyask's General Store.
  2221 | D:3      | Found a faded altar of an unknown god.
  2469 | D:4      | Identified the +7 falchion of Extermination {drain, Int+4}
  3068 | D:5      | Entered Level 5 of the Dungeon
  3069 | D:5      | Noticed a water moccasin
  3080 | D:5      | Slain by a water moccasin

Illustrated notes

Levels and vault maps discovered:
D:1:      spicycebolla_arrival_risky_transporter, layout_loops_cross,
          minmay_close_crescents
D:2:      layout_basic, basic_altar, minmay_circle_x
D:3:      layout_basic, hellmonk_ecumenical_altar_pennies_from_heaven,
          serial_shops, nicolae_shop_advertising_works
          [nicolae_subvault_shop_adworks]
D:4:      layout_basic, lightli_temple_of_fire, roderic_roman_lattice,
          nicolae_zig_zag_zippers
D:5:      layout_rooms, dk_yredelemnul_ordeal

Skill      XL: |  1  2  3  4 |
---------------+-------------+-----
Fighting       | 4 |  4.6
Armour         | 4 |  4.7
Shields        | 4 |  4.7
Maces & Flails | 3 |  3.5

Action                     |  1- 3 |  4- 6 || total
---------------------------+-------+-------++-------
  Melee: Flail             |   137 |   204 ||   341
    Use: Scroll            |       |     2 ||     2
 Armour: Scale mail        |   137 |   194 ||   331
  Dodge: Dodged            |    83 |   121 ||   204
  Block: Buckler           |    32 |    64 ||    96

Table legend: (Time is in decaauts)
 A = Elapsed time spent in this place.
 B = Non-inter-level travel time spent in this place.
 C = Inter-level travel time spent in this place.
 D = Time resting spent in this place.
 E = Time spent auto-exploring this place.
 F = Levels seen in this place.
 G = Mean time per level.
                   A        B        C        D        E       F      G
               +--------+--------+--------+--------+--------+-----+--------+
         Total |   3180 |   3026 |    154 |    135 |   2124 |   5 |  636.0 |
       Dungeon |   3180 |   3026 |    154 |    135 |   2124 |   5 |  636.0 |
               +--------+--------+--------+--------+--------+-----+--------+

Top non-repeatable levels by time:
     D:4: 1022 daAuts
     D:2: 824 daAuts
     D:1: 745 daAuts
     D:3: 575 daAuts
     D:5: 13 daAuts
